 Dungeon Crawl Stone Soup version 0.30.1 (webtiles) character file.

Game seed: 6820169165547508212

238849 cdecastro the Conqueror (level 19, -2/207 HPs)
             Began as a Hill Orc Fighter on July 8, 2023.
             Was the Champion of Wu Jian.
             Killed from afar by a deep elf knight (41 damage)
             ... with a shard of ice
             ... on level 2 of the Elven Halls on July 10, 2023.
             The game lasted 02:34:13 (57346 turns).

cdecastro the Conqueror (Hill Orc Fighter)         Turns: 57346, Time: 02:34:13

Health: -2/207     AC: 29    Str: 29    XL:     19   Next: 28%
Magic:  19/19      EV:  8    Int:  8    God:    Wu Jian [******]
Gold:   2720       SH:  6    Dex: 10    Spells: 18/18 levels left

rFire   . . .        a - +3 broad axe
rCold   . . .        c - +0 buckler
rNeg    . . .        D - +4 plate armour {rPois}
rPois   +            H - +1 helmet
rElec   .            E - +2 cloak "Cotup" {Str+2 Slay+5}
rCorr   .            G - +0 pair of gloves
SInv    +            k - +0 pair of boots of the Turtledove {Slay+2}
Will    +....        N - amulet of faith Stlth
                     Z - +4 ring of slaying
HPRegen 0.54/turn    I - ring of see invisible
MPRegen 0.16/turn

%: faith
@: studying Short Blades
A: no striking features
}: 2/15 runes: decaying, gossamer
a: Renounce Religion, Wall Jump, Serpent's Lash, Heavenly Storm


You were on level 2 of the Elven Halls.
You worshipped Wu Jian.
Wu Jian was exalted by your worship.
You visited 7 branches of the dungeon, and saw 33 of its levels.

You collected 4223 gold pieces.
You spent 1503 gold pieces at shops.

Inventory:

Hand Weapons
 a - a +3 broad axe (weapon)
Missiles
 q - 21 javelins
 P - 13 curare-tipped darts (quivered)
Armour
 c - a +0 buckler (worn)
 k - the +0 pair of boots of the Turtledove (worn) {Slay+2}
   (You acquired it on level 13 of the Dungeon)

   Slay:      It affects your accuracy & damage with ranged weapons and melee
   (+2).
 D - a +4 plate armour of poison resistance (worn)
 E - the +2 cloak "Cotup" (worn) {Str+2 Slay+5}
   (You bought it in a shop on level 2 of the Orcish Mines)

   Str:       It affects your strength (+2).
   Slay:      It affects your accuracy & damage with ranged weapons and melee
   (+5).
 G - a +0 pair of gloves (worn)
 H - a +1 helmet (worn)
Jewellery
 d - a ring of positive energy
 j - a ring of willpower
 y - a ring of ice
 I - a ring of see invisible (right hand)
 N - an amulet of faith (around neck)
 V - the ring of Absolutism {Wiz Fly Slay+2}
   (You found it on level 1 of the Elven Halls)

   [ring of wizardry]

   It improves your spell success rate.
   Slay:      It affects your accuracy & damage with ranged weapons and melee
   (+2).
   Fly:       It grants you flight.
 Z - a +4 ring of slaying (left hand)
Wands
 e - a wand of flame (38)
 r - a wand of digging (23)
 B - a wand of iceblast (35)
 L - a wand of mindburst (28)
 Q - a wand of polymorph (18)
 U - a wand of charming (24)
 Y - a wand of light (11)
Scrolls
 i - 4 scrolls of magic mapping
 m - 4 scrolls of fear
 n - 8 scrolls of immolation
 s - 7 scrolls of identify
 x - 10 scrolls of teleportation
 z - 6 scrolls of poison
 A - 6 scrolls of silence
 C - 3 scrolls of torment
 K - 4 scrolls of vulnerability
 R - a scroll of fog
 X - 4 scrolls of blinking
Potions
 b - 23 potions of ambrosia
 f - 3 potions of invisibility
 g - 8 potions of curing
 h - 10 potions of lignification
 l - 3 potions of cancellation
 o - 8 potions of attraction
 t - 2 potions of berserk rage
 u - 4 potions of resistance
 v - a potion of magic
 w - 13 potions of haste
 M - 14 potions of heal wounds
 O - 6 potions of might
 S - 5 potions of flight
Miscellaneous
 p - a box of beasts (inert)
 F - a lightning rod (4/4)
 J - a phantom mirror (inert)
 T - a tin of tremorstones (2/2)
 W - a phial of floods


   Skills:
 O Level 27 Fighting
 + Level 20.5 Axes
 - Level 10.1 Throwing
 * Level 12.7 Armour
 - Level 10.8 Shields
 - Level 8.6 Evocations


You had 18 spell levels left.
You didn't know any spells.
Your spell library contained the following spells:

 Spells                   Type           Power      Damage    Failure   Level
 Apportation              Tloc           0%         N/A       97%         1
 Freeze                   Ice            0%         1d3       97%         1
 Sandblast                Erth           0%         2d4       97%         1
 Summon Small Mammal      Summ           0%         N/A       97%         1
 Blink                    Tloc           0%         N/A       99%         2
 Call Imp                 Summ           0%         N/A       99%         2
 Lesser Beckoning         Tloc           0%         N/A       99%         2
 Momentum Strike          Conj/Tloc      0%         3d8       99%         2
 Passwall                 Tmut/Erth      0%         N/A       99%         2
 Call Canine Familiar     Summ           0%         N/A       100%        3
 Frozen Ramparts          Ice            0%         1d1       100%        3
 Hailstorm                Conj/Ice       0%         3d3       100%        3
 Ozocubu's Armour         Ice            0%         N/A       100%        3
 Portal Projectile        Hex/Tloc       0%         N/A       100%        3
 Stone Arrow              Conj/Erth      0%         3d7       100%        3
 Animate Armour           Summ/Erth      0%         N/A       100%        4
 Ice Form                 Ice/Tmut       0%         N/A       100%        4
 Leda's Liquefaction      Hex/Erth       0%         N/A       100%        4
 Passage of Golubria      Tloc           0%         N/A       100%        4
 Summon Ice Beast         Ice/Summ       0%         N/A       100%        4
 Alistair's Intoxication  Tmut/Pois      0%         N/A       100%        5
 Metabolic Englaciation   Hex/Ice        0%         N/A       100%        5
 Silence                  Hex/Air        0%         N/A       100%        5
 Summon Forest            Summ/Tloc      0%         N/A       100%        5
 Summon Mana Viper        Hex/Summ       0%         N/A       100%        5
 Simulacrum               Ice/Necr       0%         N/A       100%        6
 Monstrous Menagerie      Summ           0%         N/A       100%        7
 Lehudib's Crystal Spear  Conj/Erth      0%         10d2      100%        8


Dungeon Overview and Level Annotations

Branches:
Dungeon (15/15)            Temple (1/1) D:5            Lair (5/5) D:8
  Swamp (4/4) Lair:2       Spider (4/4) Lair:3        Slime (0/5) Lair:5
    Orc (2/2) D:10            Elf (2/3) Orc:2        Vaults (0/5) D:14
 Depths (0/4) D:15

Altars:
Ashenzari
Cheibriados
Dithmenos
Elyvilon
Fedhas
Gozag
Hepliaklqana
Kikubaaqudgha
Makhleb
Nemelex Xobeh
Okawaru
Qazlal
Ru
Sif Muna
Trog
Uskayaw
Vehumet
Wu Jian
Xom
Yredelemnul
Zin
The Shining One
Jiyva

Shops:
D:8 [(=   D:12 :   Orc:2 [[[:

Portals:
Hell: Lair:5

Annotations:
D:14 vault need fly, exclusion: ice statue
D:15 Roxanne
Lair:3 exclusion: 2 oklob plants
Elf:2 exclusion: orange crystal statue


Message History

Your phial of floods has recharged.
Your life force feels restored.
Unknown command.
The deep elf zephyrmancer mumbles some strange words.
The deep elf zephyrmancer blinks!
You hear a bow twang.
An arrow appears from out of thin air!
The arrow hits you!
* * * LOW HITPOINT WARNING * * *
Unknown command.
Aiming: Wall Jump
Press: ? - help, Dir - move target, f - you Please select an adjacent position to wall jump against.
Okay, then.
Unknown command.
You're wearing all the rings you can.
Remove which one? (? for menu, Esc to cancel) < or
Z - a +4 ring of slaying; > or
j - a ring of willpower You remove your ring of willpower.
You hear a bow twang.
An arrow appears from out of thin air!
The arrow hits you but does no damage.
Reactivating autopickup.
I - a ring of see invisible (right hand) Unknown command.
Unknown command.
Aiming: Wall Jump
Press: ? - help, Dir - move target You repeatedly attack the deep elf knight from above.
You slash the deep elf knight!
The deep elf knight is moderately wounded.
You slice the deep elf knight!!
The deep elf knight is almost dead.
The deep elf knight gestures at you while chanting.
The lance of force hits you!
* * * LOW HITPOINT WARNING * * *
You are knocked back by the lance of force.
You slam into the metal wall!
* * * LOW HITPOINT WARNING * * *
The deep elf knight casts a spell at you.
The shard of ice hits you!!!
You die...

)# #........................
.# ##.......................
## ##....#........)..#....#
#### ##...###.........## ..#
...###...## ##...)...## ...
....#...).###..°e○...)## ....
...........#...○.§.....#.....
...............○°○..........#
................@............#
##....##...##..e##...##......#
###..####.####.####.## #...###
#### ### ### ### ####


You could see a deep elf knight (fast, invisible) and a deep elf zephyrmancer.

Vanquished Creatures
  Arachne (Spider:3)
  Nikola (Elf:1)
  Jorgrun (Spider:2)
  Rupert (D:14)
  Agnes (D:14)
  Kirke (Spider:4)
  A thorn hunter (Swamp:2)
  A fenstrider witch (Swamp:1)
  6 emperor scorpions
  Louise (Spider:3)
  3 ghouls (Swamp:4)
  6 ghost moths
  The ghost of suzumiya the Bludgeoner, a journeyman GrFi of Qazlal (Elf:1)
  3 broodmothers
  A deep elf demonologist (Elf:1)
  2 eleionomae
  6 bunyips
  Josephine (Lair:5)
  3 entropy weavers
  Erolcha (Orc:2)
  2 jorogumos (Spider:4)
  2 ogre magi (Orc:2)
  27 hydras
  3 ghost crabs
  A hell beast (Lair:5)
  4 boulder beetles
  5 alligators
  16 dancing weapons
  2 radroaches (Spider:4)
  6 centaur warriors
  A death yak (Lair:5)
  12 two-headed ogres
  Urug (Lair:5)
  8 spriggans
  5 deep elf knights
  3 skeletal warriors
  3 skysharks
  5 goliath frogs
  Lodul (D:14)
  6 pharaoh ants
  3 deep trolls
  10 swamp dragons
  5 spriggan druids
  9 bog bodies
  A lindwurm (Lair:4)
  7 orb spiders
  6 deep elf archers
  19 deep elf zephyrmancers
  A wizard (Lair:5)
  2 necromancers
  2 steelbarb worms
  14 deep elf pyromancers
  2 orc knights
  16 ugly things
  12 wolf spiders
  An orc sorcerer (Orc:1)
  A cyclops (shapeshifter) (D:14)
  A will-o-the-wisp (Swamp:1)
  6 cyclopes
  3 manticores
  A centaur zombie (D:15)
  10 elephants (Lair:5)
  4 moths of wrath
  2 centaur skeletons (D:15)
  3 black mambas
  10 cane toads
  13 demonic crawlers
  4 gargoyles
  4 naga magi (D:15)
  A torpor snail (Lair:5)
  An unseen horror (D:12)
  5 rime drakes
  7 komodo dragons
  A yaktaur (shapeshifter) (D:14)
  4 ice devils (Lair:5)
  A freezing wraith (D:15)
  8 trolls
  A tengu conjurer (D:14)
  A red devil (Lair:5)
  3 bloated husks
  9 hornets
  A queen bee (shapeshifter) (D:15)
  3 polar bears
  2 queen bees
  15 tyrant leeches
  A hellwing (Lair:5)
  26 tarantellas
  A tarantella (shapeshifter) (D:15)
  9 blink frogs
  8 slime creatures
  21 culicivoras
  2 shadows
  A centaur simulacrum (D:15)
  21 jumping spiders
  39 yaks
  4 water elementals
  An air elemental (Elf:2)
  10 wyverns
  5 wraiths
  2 fire elementals
  A hog (shapeshifter) (Elf:1)
  4 basilisks
  3 steam dragons
  2 vampires
  4 hogs (Spider:4)
  A redback (shapeshifter) (D:13)
  16 vampire mosquitoes
  19 swamp worms
  63 redbacks
  6 wargs
  11 water moccasins
  4 acid dragons
  Duvessa (D:7)
  5 hell hounds (Lair:5)
  11 swamp drakes
  2 ice beasts
  21 orc warriors
  3 sky beasts
  A black bear (D:4)
  A hornet zombie (D:15)
  The ghost of nroviw the Charlatan, an amateur GnWn (D:3)
  27 ogres
  12 wolves
  13 centaurs
  A phantom (D:7)
  A kobold brigand (D:10)
  12 bullfrogs
  A necrophage (Swamp:4)
  3 scorpions (D:6)
  3 earth elementals
  2 gnoll sergeants
  4 wights (D:10)
  Dowan (D:7)
  72 killer bees
  5 howler monkeys
  15 electric eels
  3 lava snakes (Lair:1)
  5 hounds
  Crazy Yiuf (D:3)
  A gnoll bouda (D:8)
  17 orc priests
  3 jellies
  4 sleepcaps
  6 iguanas
  20 orc wizards
  5 hell rats (Lair:3)
  3 polar bear simulacra (D:12)
  3 wolf simulacra (D:12)
  3 yak simulacra (D:12)
  8 gnolls
  10 adders
  A river rat (Lair:3)
  A shadow imp (D:6)
  2 white imps
  2 worms
  3 dart slugs
  74 orcs
  6 endoplasms
  2 giant cockroaches
  5 goblins
  9 hobgoblins
  7 jackals
  5 quokkas
  6 ball pythons
  6 bats
  3 frilled lizards
  6 kobolds
  5 rats
  2 river rat simulacra (D:12)
1130 creatures vanquished.

Vanquished Creatures (others)
  A fenstrider witch (Swamp:3)
  A bloated husk (Swamp:3)
  A jumping spider (Spider:4)
  A white imp (D:6)
  2 foxfires (Swamp:1)
6 creatures vanquished.

Grand Total: 1136 creatures vanquished

Notes
Turn   | Place    | Note
-------+----------+-------------------------------------------
     0 | D:1      | cdecastro the Hill Orc Fighter began the quest for the Orb.
     0 | D:1      | Reached XP level 1. HP: 19/19 MP: 1/1
    38 | D:1      | Reached skill level 4 in Fighting
   107 | D:1      | Reached XP level 2. HP: 27/27 MP: 2/2
   485 | D:2      | Reached XP level 3. HP: 34/34 MP: 3/3
   629 | D:2      | Found a glowing silver altar of Zin.
   821 | D:2      | Reached skill level 5 in Fighting
   865 | D:2      | Reached XP level 4. HP: 42/42 MP: 4/4
  1103 | D:2      | Found a faded altar of an unknown god.
  1668 | D:3      | Found a transporter.
  1668 | D:3      | Noticed nroviw's ghost (amateur GnWn)
  1668 | D:3      | Noticed a water moccasin
  1735 | D:3      | Reached XP level 5. HP: 50/50 MP: 5/5
  1837 | D:3      | Reached skill level 6 in Fighting
  1837 | D:3      | Found a transporter.
  2055 | D:3      | Found a runed translucent door.
  2056 | D:3      | Noticed Crazy Yiuf
  2099 | D:4      | Noticed an ogre
  2197 | D:4      | Noticed a black bear
  2369 | D:5      | Entered Level 5 of the Dungeon
  2448 | D:5      | Reached skill level 5 in Axes
  2448 | D:5      | Reached XP level 6. HP: 47/58 MP: 6/6
  2597 | D:5      | Found a snail-covered altar of Cheibriados.
  2643 | D:5      | Found a staircase to the Ecumenical Temple.
  2654 | D:5      | Reached skill level 7 in Fighting
  2661 | Temple   | Entered the Ecumenical Temple
  2722 | Temple   | Became a worshipper of the Wu Jian Council
  3097 | D:5      | Found a stormy altar of Qazlal.
  3748 | D:6      | Reached XP level 7. HP: 48/67 MP: 7/7
  3939 | D:6      | Reached skill level 8 in Fighting
  4165 | D:6      | Reached skill level 9 in Fighting
  4477 | D:6      | Noticed a steam dragon
  4483 | D:6      | Reached XP level 8. HP: 76/78 MP: 8/8
  4573 | D:6      | Noticed a wyvern
  4590 | D:5      | Reached skill level 10 in Fighting
  5062 | D:6      | Found an opulent altar of Gozag.
  5091 | D:6      | Found a sacrificial altar of Ru.
  5506 | D:6      | Reached skill level 11 in Fighting
  5548 | D:6      | Noticed a gargoyle
  5569 | D:6      | Killed a gargoyle
  5570 | D:6      | Reached XP level 9. HP: 9/90 MP: 9/9
  5990 | D:6      | Reached skill level 12 in Fighting
  6331 | D:7      | Noticed Dowan
  6332 | D:7      | Noticed Duvessa
  6367 | D:7      | Killed Dowan
  6371 | D:7      | Killed Duvessa
  6592 | D:7      | Identified the +8 falchion of Jeupt {pain, rCorr Str+4
                  | Stlth+}
  6649 | D:7      | Noticed a skeletal warrior
  6790 | D:3      | Killed Crazy Yiuf
  6900 | D:4      | Reached * piety under Wu Jian
  6934 | D:4      | Reached skill level 10 in Axes
  6984 | D:4      | Reached skill level 13 in Fighting
  7246 | D:3      | Killed nroviw's ghost
  7416 | D:7      | Noticed a hornet
  7425 | D:7      | Paralysed by a hornet for 3 turns
  7429 | D:7      | Paralysed by a hornet for 2 turns
  7432 | D:7      | Killed a hornet
  7432 | D:7      | Reached ** piety under Wu Jian
  7433 | D:7      | Reached XP level 10. HP: 42/102 MP: 10/10
  7925 | D:8      | Reached skill level 14 in Fighting
  7960 | D:8      | Found Ogeu's Armour Boutique.
  8049 | D:8      | Found a runed translucent door.
  8061 | D:8      | Found Leamnya's Jewellery Boutique.
  8135 | D:8      | Found a staircase to the Lair.
  8694 | D:8      | Reached skill level 15 in Fighting
  8759 | D:8      | Found Giesuch's Weapon Emporium.
  8927 | D:8      | Found a runed translucent door.
  9121 | D:8      | Noticed a centaur warrior
  9171 | D:8      | Noticed a brown ugly thing
  9332 | D:9      | Reached *** piety under Wu Jian
  9398 | D:9      | Reached skill level 16 in Fighting
  9398 | D:9      | Reached XP level 11. HP: 61/114 MP: 11/11
 10098 | D:9      | Reached **** piety under Wu Jian
 10129 | D:9      | Reached skill level 17 in Fighting
 10366 | D:9      | Found a hazy altar of Hepliaklqana.
 10573 | D:10     | Entered Level 10 of the Dungeon
 10680 | D:10     | Noticed a two-headed ogre
 10779 | D:7      | Killed a skeletal warrior
 10860 | D:7      | Noticed a skeletal warrior
 10860 | D:7      | Noticed a skeletal warrior
 10943 | D:10     | Killed a two-headed ogre
 11192 | D:10     | Found a staircase to the Orcish Mines.
 11687 | D:10     | Reached ***** piety under Wu Jian
 11744 | D:10     | Reached skill level 18 in Fighting
 12139 | D:10     | Found a hide-covered altar of Uskayaw.
 12277 | D:11     | Noticed a manticore
 12290 | D:11     | Killed a manticore
 12459 | D:11     | Noticed a two-headed ogre
 12489 | D:11     | Killed a two-headed ogre
 12490 | D:11     | Reached XP level 12. HP: 83/128 MP: 12/12
 13472 | D:11     | Noticed a two-headed ogre
 13843 | D:11     | Killed a two-headed ogre
 13843 | D:11     | Reached skill level 19 in Fighting
 14071 | D:8      | Noticed a centaur warrior
 14111 | D:8      | Reached skill level 15 in Axes
 14596 | Lair:1   | Entered Level 1 of the Lair of Beasts
 16583 | Lair:2   | Reached skill level 20 in Fighting
 16910 | Lair:2   | Noticed a skyshark
 16923 | Lair:2   | Killed a skyshark
 17388 | Lair:2   | Reached XP level 13. HP: 92/140 MP: 13/13
 18217 | Lair:2   | Found a staircase to the Swamp.
 18621 | Lair:3   | Found a hole to the Spider Nest.
 18876 | Lair:3   | Reached skill level 21 in Fighting
 19793 | Lair:3   | You fall into a shaft and drop 2 floors!
 19793 | Lair:5   | Entered Level 5 of the Lair of Beasts
 19942 | Lair:5   | Noticed Josephine
 19947 | Lair:5   | Killed Josephine
 20442 | Lair:4   | Identified the +3 flail "Wutt" {antimagic, +Blink Fly rF+}
 20661 | Spider:1 | Entered Level 1 of the Spider Nest
 20661 | Spider:1 | Noticed an emperor scorpion
 20661 | Spider:1 | Noticed an entropy weaver
 20671 | Lair:3   | Killed an entropy weaver
 20672 | Lair:3   | Reached skill level 22 in Fighting
 22005 | Lair:5   | Reached XP level 14. HP: 152/155 MP: 14/14
 22147 | Lair:5   | Found a viscous altar of Jiyva.
 22147 | Lair:5   | Found a staircase to the Slime Pits.
 22160 | Lair:5   | Reached ****** piety under Wu Jian
 23128 | Lair:5   | Reached skill level 1 in Evocations
 23398 | Lair:5   | Reached skill level 23 in Fighting
 24229 | Lair:5   | Found a burning altar of Makhleb.
 24258 | Lair:5   | Noticed Urug
 24277 | Lair:5   | Killed Urug
 24601 | Lair:5   | Found a gateway to Hell.
 25856 | D:12     | You fall into a shaft and drop 1 floor!
 25877 | D:13     | Reached skill level 5 in Evocations
 26647 | D:13     | Identified the +5 trident of Ancient Evil {heavy, rN+ Will-
                  | rCorr Dex+2}
 26926 | D:13     | Found a stormy altar of Qazlal.
 27594 | D:12     | Found Nowkont's Book Boutique.
 28285 | D:13     | Identified a scroll of acquirement
 28286 | D:13     | Acquired the +0 pair of boots of the Turtledove {Slay+2}
 28711 | D:14     | Noticed Rupert
 28791 | Orc:1    | Entered Level 1 of the Orcish Mines
 28812 | Orc:1    | Reached XP level 15. HP: 147/166 MP: 15/15
 28904 | Orc:1    | Reached skill level 24 in Fighting
 29422 | Orc:2    | Entered Level 2 of the Orcish Mines
 30682 | Orc:2    | Found Toudael's Armour Shoppe.
 30685 | Orc:2    | Found Setsyeli's Book Shoppe.
 30758 | Orc:2    | Found Sucsof's Armour Boutique.
 30852 | Orc:2    | Found Plog's Antique Armour Emporium.
 30918 | Orc:2    | Found a staircase to the Elven Halls.
 30919 | Orc:2    | Noticed Erolcha
 30964 | Orc:2    | Killed Erolcha
 31331 | Orc:2    | Bought a steaming plate armour for 896 gold pieces
 31331 | Orc:2    | Identified the +0 plate armour of Entitlement {rN+ Int+5
                  | Stlth-} (You bought it in a shop on level 2 of the Orcish
                  | Mines)
 31344 | Orc:2    | Bought the +2 cloak "Cotup" {Str+2 Slay+5} for 607 gold
                  | pieces
 31521 | D:8      | Reached skill level 1 in Throwing
 32071 | D:14     | Noticed Lodul
 32287 | D:14     | Killed Rupert
 32288 | D:14     | Reached skill level 25 in Fighting
 32301 | D:14     | Found a gate to the Vaults.
 32318 | D:14     | Killed Lodul
 33003 | D:14     | Noticed Agnes
 33007 | D:14     | Killed Agnes
 33306 | D:15     | Entered Level 15 of the Dungeon
 33485 | D:15     | Found a burning altar of Makhleb.
 33589 | D:15     | Reached XP level 16. HP: 179/179 MP: 16/16
 33651 | D:15     | Found a staircase to the Depths.
 33948 | D:15     | Noticed Roxanne
 35583 | Swamp:1  | Entered Level 1 of the Swamp
 35623 | Swamp:1  | Reached skill level 5 in Throwing
 35760 | Swamp:1  | Reached skill level 26 in Fighting
 37105 | Swamp:1  | Acquired 418 gold pieces
 37340 | Swamp:2  | Noticed a fenstrider witch
 37350 | Swamp:1  | Killed a fenstrider witch
 38033 | Swamp:2  | Noticed a thorn hunter
 38133 | Swamp:2  | Killed a thorn hunter
 39164 | Swamp:3  | Noticed a fenstrider witch
 39171 | Swamp:3  | Paralysed by a fenstrider witch for 4 turns
 39175 | Swamp:3  | Killed a fenstrider witch
 39688 | Swamp:3  | Reached skill level 27 in Fighting
 41289 | Swamp:4  | Entered Level 4 of the Swamp
 41724 | Swamp:4  | Reached XP level 17. HP: 107/191 MP: 17/17
 42492 | Swamp:4  | Reached skill level 5 in Armour
 44303 | Swamp:4  | Got a decaying rune of Zot
 45195 | Spider:1 | Reached skill level 5 in Shields
 46714 | Spider:2 | Identified the +0 plate armour "Fomoifor" {+Inv}
 47219 | Spider:2 | Noticed Jorgrun
 47240 | Spider:2 | Killed Jorgrun
 48072 | Spider:3 | Reached XP level 18. HP: 175/200 MP: 1/18
 48452 | Spider:3 | Noticed Arachne
 48473 | Spider:3 | Killed Arachne
 48778 | Spider:3 | Noticed Louise
 48789 | Spider:3 | Killed Louise
 49251 | Spider:4 | Entered Level 4 of the Spider Nest
 49874 | Spider:4 | Identified the amulet of Cinn {RegenMP rN+ Will++ Slay-3}
 49922 | Spider:4 | Reached skill level 10 in Shields
 50224 | Spider:4 | Noticed Kirke
 50278 | Spider:4 | Killed Kirke
 52446 | Spider:4 | Got a gossamer rune of Zot
 53433 | Elf:1    | Entered Level 1 of the Elven Halls
 53456 | Elf:1    | Reached skill level 10 in Armour
 54274 | Elf:1    | Got Sif Muna's Writings on Generation
 54579 | Elf:1    | Identified the +1 ring mail of the Vaults {+Inv rElec rF-}
 54598 | Elf:1    | Noticed Nikola
 54618 | Elf:1    | Killed Nikola
 54673 | Elf:1    | Identified the +0 cloak of the Butterfly {rC+}
 54803 | Elf:1    | Found a runed translucent door.
 54803 | Elf:1    | Noticed suzumiya's ghost (journeyman GrFi)
 55016 | Elf:1    | Killed suzumiya's ghost
 55020 | Elf:1    | Identified the ring of Absolutism {Wiz Fly Slay+2}
 55832 | Elf:1    | Reached XP level 19. HP: 153/187 MP: 19/19
 55984 | Elf:2    | Reached skill level 10 in Throwing
 56467 | Elf:2    | Found a huge runed translucent gate.
 56467 | Elf:2    | Found a huge runed translucent gate.
 56467 | Elf:2    | Found a huge runed translucent gate.
 56468 | Elf:2    | Found a huge runed translucent gate.
 56471 | Elf:2    | Found a huge runed translucent gate.
 57346 | Elf:2    | Killed from afar by a deep elf knight

Illustrated notes

Levels and vault maps discovered:
D:1:      lemuel_arrival_cross, layout_rooms
D:2:      layout_rooms, basic_altar,
          dreamdust_ecumenical_altar_hidden_monk_grotto, grunt_ministairs_6,
          nicolae_figureground_sparkle
D:3:      layout_rooms, gammafunk_ghost_arena, hangedman_decor_growths,
          uniq_crazy_yiuf_cottage
D:4:      minmay_clustersquares, layout_cave_pools
D:5:      layout_basic, mainiacjoe_overflow_chevrons,
          mainiacjoe_overflow_alcove_1, minmay_temple_entry_sparse_star,
          serial_curves, eino_curves_02, eino_curves_02, eino_curves_01
D:6:      layout_loops_ring, mainiacjoe_overflow_two_lobes, nzn_random_ring
D:7:      layout_loops_cross, grunt_decor_clamped, dk_noncrumbling_2,
          uniq_duvessa
D:8:      cheibrodos_histonic, layout_basic, erik_lair_orcish_takeover,
          serial_shops, shop, kennysheep_mini_moat, nicolae_shop_tiny_glass,
          amethyst_killhole
D:9:      layout_roguey [special_room_bee], nzn_hepliaklqana_mist_gate
D:10:     layout_roguey, nicolae_uskayaw_suspiria, david_orc_3,
          nicolae_nh_ransacked_shop
D:11:     layout_gridville, kennysheep_generic_room_7
D:12:     layout_basic, serial_shops, shop, mrwooster_statue_mirror,
          eino_house_with_fridge
D:13:     layout_basic, grunt_qazlal_sundering
D:14:     lemuel_ice_statue, layout_basic, erik_vaults_1, minmay_holes,
          uniq_rupert, uniq_lodul, uniq_agnes
D:15:     grunt_enter_depths_magical_seal, layout_basic,
          minmay_misc_feat_secret_circle, bloody_makhleb, uniq_roxanne
Temple:   nicolae_temple_x_marks_the_god
Lair:1:   layout_cave_pods, nicolae_lair_liquid_snakes,
          infiniplex_staircase_pool, grunt_megastairs_5
Lair:2:   layout_chaotic_city, nicolae_swamp_entry_splash_gauntlet,
          chequers_serial_rivers_small_3
Lair:3:   regret_index_harrowing_hell_hive, layout_loops_ring,
          dummy_spider_entry
Lair:4:   layout_loops_ring
Lair:5:   evil_forest, layout_gridlike, slime_entry_1, worms_lemuel, uniq_urug,
          uniq_josephine
Swamp:1:  layout_basic_swamp, nicolae_swamp_tree_isthmus
Swamp:2:  layout_falls_marsh, evilmike_swamp_ruin_house_6
Swamp:3:  layout_falls_marsh, hangedman_swamp_blocks
Swamp:4:  swamp, layout_basic_swamp, swamp_pool2, nicolae_swamp_bloodsuckers_inc
Spider:1: layout_spider_delve
Spider:2: layout_spider_delve, nicolae_spider_cling_halls, uniq_jorgrun
Spider:3: layout_chambers, hangedman_spider_tarantella_strand, uniq_louise,
          uniq_arachne
Spider:4: guppyfry_spider_rune, uniq_kirke
Orc:1:    layout_diamond_mine, mines_bat_river
Orc:2:    st_orc_open, layout_caves, uniq_erolcha
Elf:1:    eino_elf_arrival_shootout, layout_onion_city, gammafunk_ghost_grave,
          minmay_elf_demonology, uniq_nikola
Elf:2:    elven_hall_of_blades_hangedman_alternative
          [nicolae_blade_entry_hurt_lockers], layout_loops_ring,
          nicolae_elf_stone_circles, minivault_16

Skill      XL: |  1  2  3  4  5  6  7  8  9 10 11 12 13 14 15 16 17 18 19 |
---------------+----------------------------------------------------------+-----
Fighting       | 4 5 6 7 9 11 13 16 18 20 22 23 25 27 | 27.0
Axes           | 3 4 5 7 9 10 12 14 16 17 18 19 20 | 20.5
Evocations     | 6 8 |  8.6
Throwing       | 4 6 7 9 10 | 10.1
Armour         | 8 11 12 | 12.7
Shields        | 8 10 | 10.8

Action                     |  1- 3 |  4- 6 |  7- 9 | 10-12 | 13-15 | 16-18 | 19-21 || total
---------------------------+-------+-------+-------+-------+-------+-------+-------++-------
  Melee: War axe           |    51 |   170 |   191 |       |       |       |       ||   412
         Broad axe         |       |       |    74 |   638 |  1083 |  1278 |    96 ||  3169
         Mace              |       |       |       |       |    40 |   112 |       ||   152
  Throw: Dart              |       |       |       |     3 |     6 |     3 |       ||    12
 Invoke: Serpent's Lash    |       |       |       |     5 |     5 |     6 |       ||    16
Ability: Lunge             |       |     2 |    16 |    34 |    77 |    78 |     8 ||   215
         Whirlwind         |       |       |     2 |    25 |    42 |    39 |     8 ||   116
         Wall Jump         |       |       |       |     1 |     5 |     5 |     3 ||    14
  Evoke: Tin of tremorston |       |       |     2 |     1 |     5 |     4 |       ||    12
         Wand              |       |       |       |    11 |     9 |    11 |       ||    31
         Box of beasts     |       |       |       |       |       |     2 |       ||     2
         Phial of floods   |       |       |       |       |       |     2 |       ||     2
         Phantom mirror    |       |       |       |       |       |     1 |       ||     1
    Use: Scroll            |       |       |    11 |     8 |    14 |     5 |       ||    38
         Potion            |       |       |     2 |     1 |     2 |     3 |       ||     8
   Stab: Invisible         |       |       |       |       |     4 |       |       ||     4
         Distracted        |       |       |       |       |       |     2 |       ||     2
 Armour: Scale mail        |    23 |    41 |       |       |       |       |       ||    64
         Plate armour      |       |     7 |   169 |   292 |   535 |   969 |    30 ||  2002
         Skin              |       |       |       |    70 |       |       |       ||    70
         Acid dragon scale |       |       |       |       |       |    13 |       ||    13
  Dodge: Dodged            |    16 |    72 |    70 |   158 |   247 |   404 |    20 ||   987
  Block: Buckler           |    15 |    35 |    29 |       |    25 |   294 |    16 ||   414
